 Dungeon Crawl Stone Soup version 0.23.2-1-ga50397a6bc (webtiles) character file.

Game seed: 18086343883326265892

45 Ethylacetat the Firebug (level 3, 0/25 HPs)
             Began as a Mummy Fire Elementalist on May 18, 2019.
             Was an Initiate of Vehumet.
             Slain by a quokka (5 damage)
             ... on level 2 of the Dungeon.
             The game lasted 00:02:36 (1002 turns).

Ethylacetat the Firebug (Mummy Fire Elementalist)   Turns: 1002, Time: 00:02:37

Health: 0/25       AC:  3    Str: 11    XL:     3   Next: 42%
Magic:  0/7        EV: 12    Int: 15    God:    Vehumet [......]
Gold:   61         SH:  0    Dex: 12    Spells: 6/7 levels left

rFire    . . .     SeeInvis .   h - +0 dagger (drain)
rCold    . . .     Gourm    .   (no shield)
rNeg     + + +     Faith    +   a - +0 robe
rPois    ∞         Spirit   .   (no helmet)
rElec    .         Reflect  .   d - +0 cloak
rCorr    .         Harm     .   (no gloves)
MR       .....                  (no boots)
Stlth    ++........             e - amulet of faith
HPRegen  0.08/turn              f - ring of fire
MPRegen  0.10/turn              (no ring)

@: very slightly contaminated
A: no food or potions, fire vulnerability, cold resistance 1, negative energy
resistance 3, torment resistance, unbreathing
a: Renounce Religion


You were on level 2 of the Dungeon.
You worshipped Vehumet.
Vehumet was noncommittal.
You were not hungry.

You visited 1 branch of the dungeon, and saw 2 of its levels.

You collected 61 gold pieces.

Inventory:

Hand Weapons
 h - a +0 dagger of draining (weapon)
Armour
 a - a +0 robe (worn)
 d - a +0 cloak (worn)
Jewellery
 e - an amulet of faith (around neck)
 f - a ring of fire (left hand)
Scrolls
 b - 4 scrolls of identify {unknown}
 c - a scroll of teleportation {unknown}
 g - a scroll of blinking {unknown}


   Skills:
 + Level 0.5 Fighting
 + Level 0.3 Short Blades
 - Level 1.5 Dodging
 - Level 1.5 Stealth
 - Level 2.6 Spellcasting
 + Level 1.8 Conjurations
 + Level 3.0 Fire Magic


You had 6 spell levels left.
You knew the following spells:

 Your Spells              Type           Power        Failure   Level  Hunger
a - Flame Tongue          Conj/Fire      ##...        8%          1    N/A

Your spell library contained the following spells:

 Spells                   Type           Power        Failure   Level  Hunger
 Throw Flame              Conj/Fire      ##....       12%         2    N/A
 Conjure Flame            Conj/Fire      ##......     22%         3    N/A
 Inner Flame              Hex/Fire       #.......     32%         3    N/A
 Sticky Flame             Conj/Fire      ##......     58%         4    N/A
 Fireball                 Conj/Fire      ##........   91%         5    N/A

Dungeon Overview and Level Annotations

Branches:
Dungeon (2/15)

Altars:
Vehumet


Innate Abilities, Weirdness & Mutations

You do not eat or drink.
Your flesh is vulnerable to fire.
You are immune to poison.
Your flesh is cold resistant. (rC+)
You are immune to negative energy. (rN+++)
You are immune to unholy pain and torment.
You can survive without breathing.


Message History

You don't have enough magic to cast that spell.
Unknown command.
You hit the kobold.
You kill the kobold!
Vehumet accepts your kill.
You hit the adder. You drain the adder.
You kill the adder!
Vehumet accepts your kill.
Your Fire Magic skill increases to level 3!
You have reached level 3!
Your experience leads to an increase in your attributes!
Increase (S)trength, (I)ntelligence, or (D)exterity?
You feel clever. The adder bites you.
* * * LOW HITPOINT WARNING * * *
You hit the adder but do no damage. You drain the adder.
You kill the adder!
Vehumet accepts your kill.
You miss the quokka. The quokka bites you.
You die...

#......# ## ......#
.. ..... ###. #...
#.... #..
#.....#.'#########
......(...##.....#
#...>.#...##.....#
#....
#..gr@.....#### ###.
##...##.........
........###.###.....
#. .#####....# ....
. #.##....###.....
... ...+...........
.. #.##...####....
###.##.##...# # ..
....#(##...#.#


You could see a quokka and a hobgoblin.

Vanquished Creatures
  2 adders (D:2)
  A dart slug (D:1)
  A leopard gecko (D:1)
  A giant cockroach (D:2)
  5 goblins
  A hobgoblin (D:1)
  2 jackals (D:2)
  A ball python (D:2)
  3 bats (D:1)
  A frilled lizard (D:2)
  3 kobolds
  4 rats
25 creatures vanquished.

Vanquished Creatures (others)
  A bat (D:1)
1 creature vanquished.

Grand Total: 26 creatures vanquished

Notes
Turn   | Place    | Note
-------+----------+-------------------------------------------
     0 | D:1      | Ethylacetat the Mummy Fire Elementalist began the quest for
                  | the Orb.
     0 | D:1      | Reached XP level 1. HP: 13/13 MP: 4/4
   233 | D:1      | Reached skill level 1 in Conjurations
   328 | D:1      | Reached XP level 2. HP: 19/19 MP: 3/5
   886 | D:2      | Found a radiant altar of Vehumet.
   900 | D:2      | Became a worshipper of Vehumet
  1000 | D:2      | Reached skill level 3 in Fire Magic
  1000 | D:2      | Reached XP level 3. HP: 7/24 MP: 0/7
  1002 | D:2      | Slain by a quokka

Skill      XL: |  1  2 |
---------------+-------+-----
Conjurations   | 1 |  1.8
Fire Magic     | 3 |  3.0
Fighting       | |  0.5
Short Blades   | |  0.3
Dodging        | |  1.5
Stealth        | |  1.5
Spellcasting   | |  2.6

Action                   || total
-------------------------++-------
Melee: Unarmed           ||    11
       Dagger            ||    29
       Club              ||    13
 Cast: Flame Tongue      ||    17
 Stab: Sleeping          ||     1
Armor: Robe              ||    16
Dodge: Dodged            ||    35
